[Event "44th Chess Olympiad Women 2022"]
[Site "Chennai"]
[Date "2022.08.05"]
[Round "7.78"]
[White "Comas Colon, Rinelly M."]
[Black "Eversley, Kiarra"]
[Result "1/2-1/2"]
[WhiteElo "1585"]
[BlackElo "1356"]
[Annotator "NA RC"]
[PlyCount "59"]
[EventDate "2022.??.??"]
[TimeControl "60"]

1. c4 e6 2. Nc3 Nf6 3. e4 d5 4. e5 Nfd7 5. d4 dxc4 6. Bxc4 Nc6 7. Nf3 Nb6 8. Bb3 Ne7 9. O-O Ned5 10. Ne4 Bd7 11. Bg5 Be7 12. a3 Bc6 13. Qd2 h6 14. Bxe7 Qxe7 15. Rfe1 O-O-O 16. Rac1 Qf8 17. Qa5 Kb8 18. Nfd2 Nf4 19. Rxc6 bxc6 20. Nc5 Rxd4 21. Nde4 Nd3 22. Rd1 Nxc5 23. Nxc5 Rxd1+ 24. Bxd1 Qc8 25. Bf3 Rd8 26. Na6+ Kb7 27. Nc5+ Kb8 28. Na6+ Kb7 29. Nc5+ Kb8 30. Na6+ 1/2-1/2

[Event "44th Chess Olympiad Women 2022"]
[Site "Chennai"]
[Date "2022.08.05"]
[Round "7.78"]
[White "Reifer-Belle, Chanon"]
[Black "Alvarado Perez, Coralys M."]
[Result "1/2-1/2"]
[WhiteElo "1213"]
[BlackElo "1471"]
[Annotator "NA RC"]
[PlyCount "116"]
[EventDate "2022.??.??"]
[TimeControl "60"]

1. e4 g6 2. d4 Bg7 3. Nc3 c5 4. dxc5 Bxc3+ 5. bxc3 Qa5 6. Qd4 Nf6 7. Bd2 Nc6 8. Qe3 Qc7 9. h3 b6 10. Bd3 Ne5 11. cxb6 axb6 12. Nf3 Nc4 13. Qf4 d6 14. O-O Nxd2 15. Qxd2 O-O 16. Rfe1 Be6 17. a4 Rfc8 18. Ra3 Qc5 19. Qc1 Bd7 20. Qa1 b5 21. a5 b4 22. cxb4 Qxb4 23.
e5 Nd5 24. Re4 Qb8 25. c4 Nc7 26. exd6 exd6 27. Re7 Be6 28. Ng5 Qb4 29. Nxe6 Nxe6 30. Be4 d5 31. cxd5 Qxe7 32. dxe6 Ra7 33. exf7+ Qxf7 34. Qd4 Rd7 35. Qe3 Rd1+ 36. Kh2 Qc7+ 37. g3 Qc4 38. Qb3 Qxb3 39. Rxb3 Ra1 40. Rb5 Rc7 41. Bb7 Rxb7 42. Rxb7 Rxa5 43. Kg2 Rf5 44. f4 g5 45. Kf3 gxf4 46. gxf4 Rf7 47. Rxf7 Kxf7 48. Ke4 Ke6 49. f5+ Kf6 50. h4 Kf7 51. Ke5 Ke7 52. f6+ Kf8 53. Ke6 Ke8 54. f7+ Kf8 55. Kf6 h6 56. Kg6 h5 57. Kxh5 Kxf7 58. Kh6 Kg8 1/2-1/2

[Event "44th Chess Olympiad Women 2022"]
[Site "Chennai"]
[Date "2022.08.05"]
[Round "7.78"]
[White "Rivera Negron Yanira"]
[Black "Blackman, Katrina"]
[Result "1/2-1/2"]
[WhiteElo "1770"]
[BlackElo "1691"]
[Annotator "NA RC"]
[PlyCount "90"]
[EventDate "2022.??.??"]
[TimeControl "60"]

1. d4 e6 2. Nf3 f5 3. Bf4 Nf6 4. e3 b6 5. Be2 Bb7 6. Nbd2 Bd6 7. Bxd6 cxd6 8.
c4 Nc6 9. h3 Rc8 10. a3 Ne7 11. O-O O-O 12. b4 Ng6 13. Qb3 Rc7 14. a4 Ne4 15. a5 Nh4 16. Nxe4 Nxf3+ 17. Bxf3 fxe4 18. Be2 d5 19. c5 bxc5 20. bxc5 d6 21. Rfc1 dxc5 22. Rxc5 Rxc5 23. dxc5 Qf6 24. Rf1 Bc6 25. Ba6 Qf7 26. Qc3 Qc7 27. Rb1 Rd8 28. Qb4 h6 29. Be2 Kh8 30. a6 Bd7 31. Qc3 Bc6 32. Rb3 e5 33. Qb4 d4 34. exd4 exd4 35.
Bg4 d3 36. Rb2 Qe5 37. Qa5 Rd5 38. Rb1 Rxc5 39. Qd8+ Kh7 40. g3 Rd5 41. Qc8 Bb5 42. Be6 Rc5 43. Qg8+ Kg6 44. Qf7+ Kh7 45. Qg8+ Kg6 1/2-1/2

[Event "44th Chess Olympiad Women 2022"]
[Site "Chennai"]
[Date "2022.08.05"]
[Round "7.78"]
[White "Wilson, Hannah"]
[Black "Vega Jimenez, Keyshla M."]
[Result "0-1"]
[WhiteElo "1556"]
[BlackElo "1653"]
[Annotator "NA RC"]
[PlyCount "125"]
[EventDate "2022.??.??"]
[TimeControl "60"]

1. e4 e5 2. Nf3 Nc6 3. d4 exd4 4. Bc4 Nf6 5. e5 d5 6. Bb5 Ne4 7. Nxd4 Bd7 8. Bxc6 bxc6 9. O-O Bc5 10. f3 Ng5 11. f4 Ne4 12. Be3 Bb6 13.
Nd2 Nxd2 14. Qxd2 c5 15. Nb3 d4 16. Bf2 Bc6 17. f5 Qd5 18.
Qg5 h6 19. Qg4 O-O-O 20. Rfe1 h5 21. Qh3 Rde8 22. a4 a5 23.
e6 fxe6 24. fxe6 g5 25. Qf3 Qd6 26. Qe2 h4 27. Qe5 g4 28.
Nd2 Bd5 29. Qxd6 cxd6 30. e7 Kd7 31. Ne4 Rh6 32. Rad1 Bc6 33.
b3 d5 34. Nd2 Rxe7 35. Rxe7+ Kxe7 36. Re1+ Kd6 37. Kf1 Rf6 38. Kg1 Rh6 39. Kf1 Bd8 40. Re2 Bg5 41. Ke1 Re6 42. Rxe6+ Kxe6 43. Ke2 Be8 44. Be1 Bg6 45. Kd1 Bd8 46. Nb1 Be4 47. g3 h3 48. Bd2 c4 49. Na3 c3 50.
Bh6 Bc7 51. Nb5 Bxg3 52. Nxd4+ Kf6 53. Ne2 Bxh2 54. Be3 Bf3 55. Ke1 Bxe2 56. Kxe2 Be5 57. Kf1 d4 58. Bf2 g3 59. Be1 d3 60. cxd3 g2+ 61. Kg1 Bd4+ 62. Bf2 Bxf2+ 63. Kxf2 0-1

[Event "44th Chess Olympiad Women 2022"]
[Site "Chennai"]
[Date "2022.08.06"]
[Round "8.1"]
[White "Buksa, Nataliya"]
[Black "Tania, Sachdev"]
[Result "1/2-1/2"]
[WhiteElo "2401"]
[BlackElo "2399"]
[Annotator "TA"]
[PlyCount "63"]
[EventDate "2022.??.??"]
[TimeControl "60"]

1. e4 e5 2. Nf3 Nc6 3. Bb5 a6 4. Ba4 Nf6 5. O-O Be7 6. d3 b5 7. Bb3 d6 8. a3 O-O 9. Nc3 h6 {[%emt 0:02:22] C77: Ruy
Lopez: 3...a6 4 Ba4 Nf6, unusual lines.} 10. Be3 Re8 11. Nd5 Bb7 12. Qd2 Bf8 13. h3 {[%emt 0:00:35] [#]} Nxd5 $146 ({Predecessor:} 13... Nb8 14. Nxf6+ Qxf6 15. Nh2 Qd8 16. f4 Nd7
17. Qf2 d5 18. exd5 e4 19. Ng4 exd3 {0-1 (76) Petrossian,A (2408)-Loiseau,Q 
(2375) Marseille 2014}) 14. Bxd5 Qd7 15. c4 Nd8 {[%emt 0:02:36] [#] White must now prevent ...c6.} 16. Bxb7 Nxb7 17. b4 c5 18. Rab1 Qc6 19. Qc2 cxb4 20. axb4 a5 21. bxa5 bxc4 {[%emt 0:00:
48] The position is equal.} 22. Rb6 Qc7 23.
a6 Nc5 24. Bxc5 Qxc5 25. Rfb1 c3 26. R1b5 Qa3 27. Rb3 Qa1+ 28. Rb1 Qa5 29. R1b5 Qa1+ 30. Rb1 Qa5 31. R1b5 Qa1+ 32. Rb1 {[%emt 0:00:08] A balanced but
interesting game. Weighted Error Value: White=0.07 (flawless) /Black=0.07 
(flawless)} 1/2-1/2

[Event "44th Chess Olympiad Women 2022"]
[Site "Chennai"]
[Date "2022.08.06"]
[Round "8.1"]
[White "Koneru, Humpy"]
[Black "Muzychuk, Mariya"]
[Result "1/2-1/2"]
[WhiteElo "2586"]
[BlackElo "2540"]
[Annotator "TA"]
[PlyCount "68"]
[EventDate "2022.??.??"]
[TimeControl "60"]

1. d4 Nf6 2. c4 e6 3. Nc3 Bb4 4. Qc2 d5 5. a3 Bxc3+ 6. Qxc3 O-O 7. e3 b6 8. Nf3 Bb7 9. b4 {[%emt 0:04:21] E32: Nimzo-Indian:
Classical (4 Qc2): 4...0-0.} c5 10. dxc5 Ne4 11. Qc2 bxc5 (11... a5 $5 ) 12. Bd3 cxb4 13. axb4 Nc6 14. Ba3 ({Much worse is} 
14. Bxe4 $6 dxe4 15. Qxe4 Rb8 $11) 14... a5 {[%emt 0:00:21] [#]} 15. b5 $146 ({White should try} 15. cxd5 $16 exd5 16. b5) ({Predecessor:} 
15. cxd5 exd5 16. b5 Nb4 17. Bxb4 axb4 18. O-O Ra3 19. Bxe4 dxe4 20. Nd4 Qa5
21. Qb2 {½-½ (78) Mrkonjic,N (2383)-Bender,I (2312) Djakovo 2006}) 15... Nb4
$11 16. Bxb4 axb4 17. O-O b3 18. Qxb3 {[%emt 0:05:55] Bxe4 is the
strong threat.} Nc5 19. Qc3 Nxd3 20. Rxa8 Qxa8 21. Qxd3 {[%emt 0:00:16]
Strongly threatening c5.} dxc4 22. Qxc4 Rc8 23. Qg4 {[%emt 0:03:45] White is more active.} (23. Qb4 $5 ) 23... Rc5 24. Nd4 (24. Qb4 $14
Qf8 25. Qa4) 24... h6 {[%emt 0:00:11] Threatens to win with ...Rg5.} 25. h4 {
[%emt 0:04:27] Prevents Rg5.} Be4 (25... Qd8 $11) 26. Rd1 $14 h5 ({Don't do} 26... e5 27. Ne6 $1 fxe6 28.
Rd7 $16) 27. Qg3 $40 {[%emt 0:16:59] White has strong attack.} e5 {[%emt 0:05:
10] [#]} 28. Nc6 (28. Nf5 $1 $16 Bxf5 29. Qg5) 28... Bxc6 $11
{[%emt 0:00:46] The position is equal.} 29. bxc6 Qxc6 {
[%emt 0:00:12] KQR-KQR} 30. Qg5 e4 31. Rd8+ Kh7 32. Qf4 Qe6 33. Qb8 Qe5 34. Qxe5 Rxe5 {[%emt 0:00:03] Weighted Error Value: White=0.14 (very precise) /Black=0.
15 (very precise)} 1/2-1/2

[Event "44th Chess Olympiad Women 2022"]
[Site "Chennai"]
[Date "2022.08.06"]
[Round "8.1"]
[White "Muzychuk, Anna"]
[Black "Harika, Dronavalli"]
[Result "1/2-1/2"]
[WhiteElo "2529"]
[BlackElo "2517"]
[Annotator "TA"]
[PlyCount "98"]
[EventDate "2022.??.??"]
[TimeControl "60"]

1. e4 e5 2. Nf3 Nc6 3. Bc4 Bc5 4. c3 Nf6 5. d4 exd4 6. cxd4 Bb4+ 7. Nbd2 $1 {[%emt 0:00:17] is more profitable than
7.Bd2 at the moment. C54: Giuoco Piano: 4 c3 Nf6, main lines with 5 d4 and 5
d3.} Bxd2+ 8. Bxd2 Nxe4 9.
d5 {[%emt 0:00:13] The position is equal.} Ne7 10. Bb4 d6 11. O-O O-O 12. Re1 Nc5 13. Bc3 {[%emt 0:03:43] [#]}
Bd7 $146 ({Predecessor:} 13... a5 14. Qd2 a4 15. Qf4 Bd7 16.
Nd4 Ng6 17. Qg3 Qh4 18. Qxh4 Nxh4 19. Nb5 Rfc8 {0-1 (42) Congiu,M (2301)
-Korneev,O (2569) Linares 2015}) 14. b3 $1 Re8 (14... Ng6 {looks sharper.} 15. Qd4 f6 16. Ng5 b5) 15. h3 (
15. Ng5 $11 f6 16. Ne6 Bxe6 17. dxe6) 15... h6 ({Black should
try} 15... a5 $15) 16. Qd2 Ng6 17. Bd4 a5 (17... Ne4 $5 18. Qb2 Ng5
19. Rxe8+ (19. Bxg7 $2 Nxf3+ 20. Kf1 Rxe1+ 21. Rxe1 Nxe1 $19) 19... Bxe8 $11)
18. Rxe8+ Qxe8 19. Re1 Qf8 20. Bc3 (20. Qc3 $11 {keeps the balance.})
20... b6 $17 21. Nd4 {[%emt 0:14:05][%cal Yd4e6] [#]} Re8 $1 {
[%emt 0:01:48] Prevents Ne6.} 22. f3 Rxe1+ 23. Qxe1 Qe7 24. Qxe7 Nxe7 25. a3 Nf5 26. b4 axb4 27. axb4 Na4 28. Ba1 Ne3 29. Bb3 {
[%emt 0:00:14] [#] Black must now prevent Kf2.} b5 $1 {[%emt 0:00:31] And now .
..Nb6 would win.} 30. Kf2 Nc4 {[%emt 0:00:07] Pair of Knights!
} 31. Nc2 Nab6 32. Ne3 Bc8 33. Bd4 Bb7 34. Bxc4 Nxc4 35. Nxc4 bxc4 $15 {
[%emt 0:00:05] Endgame KB-KB} 36. Ba7 Bxd5 37. Bb8 Kf8 38. Bxc7 Ke7 39. Ke3 Kd7 40. Bb6 Kc6 41. Bd4 g6 42.
Kd2 Kb5 43. Kc3 h5 44. Bf6 Be6 45. g4 hxg4 46. hxg4 Kc6 47. Kd4 Kb5 48. Kc3 $1 Kc6 49. Kd4 Kb5 {[%emt 0:00:04] Weighted Error Value:
White=0.10 (very precise) /Black=0.09 (flawless)} 1/2-1/2

[Event "44th Chess Olympiad Women 2022"]
[Site "Chennai"]
[Date "2022.08.06"]
[Round "8.1"]
[White "Vaishali R"]
[Black "Ushenina, Anna"]
[Result "1/2-1/2"]
[WhiteElo "2442"]
[BlackElo "2423"]
[Annotator "TA"]
[PlyCount "119"]
[EventDate "2022.??.??"]
[TimeControl "60"]

1. e4 e5 2. Nf3 Nf6 3. Nxe5 d6 4. Nf3 Nxe4 5. Nc3 Nxc3 6. dxc3 Nc6 7. Bf4 Be7 8.
Qd2 Bf5 {[%emt 0:01:23] C42: Petroff Defence: 3 Nxe5 and
unusual White 3rd moves.} 9. O-O-O Qd7 10.
Bb5 O-O {[%emt 0:19:45] [#]} 11. Ne5 $146 ({
Predecessor:} 11. Nd4 a6 12. Ba4 b5 13. Bb3 Nxd4 14. cxd4 Bf6 15. Rhe1 a5 16.
a3 b4 17. a4 {1-0 (42) Gatineau,Y (2401)-Gabitova,D (1671) Tornelo INT 2021})
11... Qe8 12. Nxc6 bxc6 13.
Ba4 Bd7 14. h4 (14. Rhe1 $5 ) 14... c5 15. Bxd7 Qxd7 16. Bg5 Rfe8 17. Qd5 Qe6 18. Qxe6 fxe6 19. Rde1 Bxg5+ 20. hxg5 $11 {[%emt 0:
00:00] Endgame KRR-KRR} Rf8 21. f3 e5 22. Rh5 Rf5 23. Reh1 Kf7 24. Kd2 Kg6 25. Ke3 (25. Rxh7 $11 Rxg5 26. R7h2) 25... Rh8 (25... h6 $17) 26. Ke4 c6 27. c4 (27. R5h4 $15) 27... Rf4+ 28. Kd3 Rf5 29. Ke4 $1 Rf4+ 30.
Kd3 d5 ({Black should try} 30... Rd4+ $17 31.
Kc3 e4 32. fxe4 Rxe4) 31. b3 (31. R5h4 $1 $11 {might be
stronger.}) 31... dxc4+ 32. bxc4 (32. Ke3 $11
{remains equal.}) 32... Rd8+ $17 33. Kc3 Rdd4 34. Rxh7 Rxc4+ 35. Kb2 Rb4+ 36. Kc1 Ra4 37. Kb2 Rfb4+ 38. Ka1 Rc4 (38... Kxg5 39. Rxg7+ Kf6 40. Rc7 $14) 39. Kb2 Rcb4+ 40. Ka1 c4 (
40... Kxg5 41. Rxg7+ Kf6 42. Rc7 $14) 41. R7h4 c3 (41... Kxg5 $6 42. Rg4+ Kf6 43. Rhh4 $11) (41... Rb5 $17 {Hoping for ...
Rba5.} 42. R1h3 Rba5) 42. Rxb4 $11 Rxb4 {[%emt 0:00:01] KR-KR}
43. Re1 $1 Rb2 44. Re2 Kf5 45. g3 g6 (45... Kxg5 46.
Rxe5+ Kg6 47. Re6+ Kf5 48. Rxc6 $11) 46. a3 c5 ({Don't play} 46... Kxg5 $6 47. Rxe5+ Kf6 48. Rc5 $11) 47. a4 c4 ({Resist} 47... Kxg5 48. Rxe5+ Kf6 49. Rxc5 $11) 48. a5 Rb5 ({Much weaker is} 48... Kxg5 $6 49. Rxe5+
Kf6 50. Rc5 $11) 49. Re3 Rxa5+ 50. Kb1 Kxg5 (50... Rd5 $15) 51. Rxc3 Rc5 52. Re3 Kf5 53. Kb2 $1 Ra5 54. Re4 Ra4 {[%emt 0:00:
00][%cal Yc4c3] [#] ...c3+! is the strong threat.} 55. Re1 g5 56. Re3 (56. Re2 $11) 56... Ra5 (56... Ke6 $15) 57. Re4 Ra4 {[%emt 0:00:25][%cal Yc4c3]
aiming for ...c3+!} 58. Re3 (58. c3 $11) 58... Ra5 59. Re4 Ra4 60. Re3 {
[%emt 0:00:22] Weighted Error Value: White=0.15 (very precise) /Black=0.21 
(precise)} 1/2-1/2

[Event "44th Chess Olympiad Women 2022"]
[Site "Chennai"]
[Date "2022.08.06"]
[Round "8.2"]
[White "Dzagnidze, Nana"]
[Black "Danielian, Elina"]
[Result "1-0"]
[WhiteElo "2531"]
[BlackElo "2441"]
[Annotator "TA"]
[PlyCount "129"]
[EventDate "2022.??.??"]
[TimeControl "60"]

1. d4 Nf6 2. c4 e6 3. Nf3 d5 4. Nc3 Bb4 5. Bg5 h6 6. Bxf6 Qxf6 7. Qa4+ Nc6 8.
e3 O-O {[%emt 0:00:47] D38: Queen's Gambit Declined: Ragozin
Defence (4 Nf3 Bb4).} 9. Be2 dxc4 10. O-O Bd6 {[%emt 0:08:00] The position is equal.} 11. Qxc4 a6 {[%emt 0:08:13] [#]} 12. Rac1 $146 ({Predecessor:} 
12. Rfd1 Bd7 13. Ne4 Qg6 14. Nc5 Bc8 15. Nd3 f5 16. Nfe5 Qf6 17. Nxc6 bxc6 18.
Bf3 {1-0 (40) Fressinet,L (2693)-Inkiov,V (2465) Haguenau 2013}) 12... Bd7 13. Ne4 Qe7 14. a3 Rfc8 15. Nc5 Nd8 16.
Nxd7 Qxd7 17. Rfd1 Qe8 18. Nd2 c6 19. Ne4 Be7 20. Rc2 {[%emt 0:06:23] 0x0.0005ecc66580dp-1022s
more active pieces.} Rc7 21. Rdc1 Rd7 22. f4 f5 23. Nc5 Bxc5 24. Qxc5 Nf7 25. b4 Nd6 26. Bd3 Nb5 27. a4 Nc7 28. Qe5 Qe7 {[%emt 0:05:55] [#] Threatens to
win with ...Rd5.} 29. Rc5 Rad8 {[%emt 0:00:06] Hoping for ...
Rd5.} 30. Bc4 {[%emt 0:00:06] Against Rd5} Nd5 31. b5 axb5 32. axb5 cxb5 33. Bxb5 Rd6 34. Be2 Kh7 35. g4 b6 (35... Qh4 $5 ) 36. R5c2 fxg4 37. Bxg4 Qf7 ({Better is} 37... b5 $14) 38. Bf3 Nf6 39. f5 (39. h3 $16) 39...
exf5 $11 40. Qxf5+ Kh8 41.
Rc8 Qe8 42. Kf2 b5 43. R1c6 Qf8 44. Rxd6 Rxc8 45. Rb6 b4 46. Rxb4 Re8 (46... g6 $1 $11
47. Qxg6 Ng4+ 48. Qxg4 Rc2+ 49. Kg3 Qxb4) 47. Rb5 Qa3 48. Qf4 Qa2+ 49. Kg3 Qf7 50. h4 Qg6+ 51. Kh3 Nd7 52. h5 (52.
Rb7 $16 Nf6 53. Rb8) 52... Qe6+ 53. Kg3 {[%emt 0:00:00] Bg4
is the strong threat.} Qxe3 54. Qxe3 Rxe3 $14
{[%emt 0:00:01] Endgame KRB-KRN} 55. Kf4 Re8 56. Be4 {[%emt 0:00:45] Black must now prevent Bg6.} Kg8 $2 {[%emt 0:00:24] [#]
A mistake that costs the game.} (56... Rf8+ $11 57. Ke3 Nf6) 57. Bg6 $1 $18 Rd8 (57... Ra8 {was worth a try.} 58. d5 Ra4+
59. Kf5 Ra6) 58. Kf5 Nf8 59. d5 Nxg6 60. hxg6 {[%emt 0:00:10] KR-KR.
White mates.} ({Not} 60. Kxg6 Kf8 $16) 60... Kf8 61. Ke6 Re8+ 62. Kd7 Re7+ 63. Kc6 Re2 64. d6 Rc2+ 65. Kd7 {[%emt 0:00:05] Weighted Error Value: White=0.11
(very precise) /Black=0.36} 1-0

[Event "44th Chess Olympiad Women 2022"]
[Site "Chennai"]
[Date "2022.08.06"]
[Round "8.2"]
[White "Javakhishvili, Lela"]
[Black "Sargsyan, Anna M."]
[Result "1-0"]
[WhiteElo "2476"]
[BlackElo "2378"]
[Annotator "TA"]
[PlyCount "71"]
[EventDate "2022.??.??"]
[TimeControl "60"]

1. d4 d5 2. c4 c6 3. Nf3 Nf6 4. g3 Bf5 5. Nc3 e6 6. Nh4 {[%emt 0:00:14] D11: Slav Defence: 3 Nf3 sidelines and
3...Nf6 4 e3 Bg4.} Bg4 7. h3 Bh5 8. g4 {[%emt 0:00:15] White has an edge.} Nfd7 {[%emt 0:01:05] [#]} 9. Ng2 (9. Qb3 $1 $16 b5 (9... b6 10. cxd5) 10. cxd5 $1 (10. gxh5
dxc4 11. Qc2 Qxh4 $11) 10... exd5 11. Nxd5 (11. gxh5 Qxh4 12. Bg2 Qxd4 $16)
11... cxd5 12. Qe3+ Qe7 13. gxh5) 9... Bg6 $11 10. Nf4 $1 dxc4 (10... Nf6 $14 {should be considered.})
11. h4 $1 $16 {[%emt 0:01:55] aiming for h5.} h6 12. Nxg6 fxg6 {[%emt 0:00:02] [#]} 13. Qc2 $146 ({
Predecessor:} 13. e3 Nb6 14. Qc2 Qf6 15. Bd2 Na6 16. O-O-O Nb4 17. Qe4 O-O-O
18. Kb1 Bd6 19. f4 {1-0 (63) Maciaga,M (2117)-Pazdziora,M (2211) Jastrzebia
Gora 2018}) 13... Qf6 14. g5 {[%emt 0:15:42] White has strong
compensation.} Qf7 {[%emt 0:01:27] [#]} 15. Rh3 $1 {[%emt 0:01:48] Black must
now prevent Rf3.} Kd8 16. Rf3 Qe8 {[%emt 0:
00:08] [#]} 17. Bh3 $1 Na6 18. Qe4 Nc7 19. gxh6 {[%emt 0:00:19] 0x0.001e3c693f72dp-1022s
more active pieces. The black rooks are badly placed.} gxh6 20. Bf4 {[%emt 0:00:58] Against g5} Bg7 (20... g5 $16) 21.
O-O-O $18 {[%emt 0:07:22] Na4 is the strong threat.} Rf8 22.
Rg1 $40 {[%emt 0:07:23] White wants a kill.} g5 (22... Rf6
$142 23. Bxc7+ Kxc7) 23. hxg5 h5 24. g6 {[%emt 0:03:08] White is clearly winning.} Nd5 (24... Kc8 $142 25. Bd6 Rxf3 26. Qxf3 Nf6) 25. Bg5+ Kc7 26. Bxe6 Nxc3 27. bxc3 {
[%emt 0:00:35] And now Rf7 would win.} Rxf3 28. exf3 Ne5 29. Bf7 {[%emt 0:07:10] A
strong pair of Bishops.} Nd3+ (29... Nxf7 $142 30. Qxe8 Rxe8
31. gxf7 Rf8 32. Bf4+ Kd7 33. Rxg7 Ke6) 30. Kc2 Qxe4 31. fxe4 Nxf2 32. Re1 Rh8 33. Bh4 Ng4 34. e5 Nh6 35. Rf1 Ng4 36. Rf3 {[%emt 0:01:28] Inhibits Ne3+. Weighted Error Value: White=0.21 
(precise) /Black=0.39} 1-0

[Event "44th Chess Olympiad Women 2022"]
[Site "Chennai"]
[Date "2022.08.06"]
[Round "8.2"]
[White "Mkrtchian, Lilit"]
[Black "Batsiashvili, Nino"]
[Result "0-1"]
[WhiteElo "2362"]
[BlackElo "2466"]
[Annotator "TA"]
[PlyCount "122"]
[EventDate "2022.??.??"]
[TimeControl "60"]

1. e4 c5 2. Nf3 Nc6 3. Bb5 e5 4. Bc4 Be7 5. d3 Nf6 6. O-O {[%emt 0:04:05] B30:
Sicilian: 2...Nc6 3 Bb5, lines without ...g6.} O-O 7. Re1 d6 8. c3 {[%emt 0:01:59] [#] White has an
edge.} Na5 $146 ({Predecessor:} 8... a6 9. d4 cxd4 10. cxd4
exd4 11. Nxd4 d5 12. exd5 Nxd5 13. Bxd5 Qxd5 14. Nxc6 bxc6 15. Qxd5 cxd5 16.
Rxe7 {1-0 (27) Potapova,M (2061)-Zelenskaya,A (1662) Kolomna 2016}) 9. Bb5 a6 10. Ba4 b5 11. Bc2 Qc7 12. Nbd2 c4 13. d4 Bg4 14. h3 Bh5 15. Nf1 exd4 16.
cxd4 Nc6 17. Ng3 Bxf3 18. gxf3 Rfe8 19. Be3 Bf8 20. Rc1 Rac8 21. Kh2 g6 22. Rg1 Bg7 23. d5 Ne5 24. f4 Ned7 25. Bd4 Kf8 26.
f5 (26. Rg2 $14) 26... Bh6 $11 27. Qf3 Qd8 28. Be3 (28.
Rcf1 $11) 28... Bxe3 $15 29. Qxe3 Ng8 (29... Qb6 $1 $15 30. Qf4 c3 31. bxc3 Rxc3) 30. fxg6 hxg6 31. Ne2 (31. f4 $11) 31... Qf6 (31... Qh4 $17) 32. Nd4 (32. Rcd1 $11) 32...
Nc5 ({Black should try} 32... Nb6 $17 {Threatens to win with .
..Nxd5.} 33. Qd2 (33. Rg5 c3 $15) 33... c3 34. bxc3 Nc4) 33. Rg3 Rc7 {[%emt 0:05:13] [#]} (33... Ne7 $11) 34. Rd1 (34.
Rcg1 $1 $16) 34... Qh4 35. f3 ({Better is} 
35. Rdg1 $11) 35... Nf6 36. Qd2 Re5 ({Don't take} 36... c3 37. bxc3 Ncd7 38. Rf1 $14) (36... Ncd7 $15) 37.
Nc6 $11 Rh5 38. Rdg1 Nfd7 39. Qe3 Qf6 {[%emt 0:00:53] [#]} (39... Ne5
$11 {remains equal.}) 40. Nd4 (40. f4 $1 $16) 40... Rc8 (40... Rh4 $1 $15) 41. f4 Re8 {[%emt 0:07:58]
Strongly threatening ...Rxd5.} 42. f5 $1 Ne5 43. R1g2 {[%emt 0:06:32] Hoping for fxg6.} Ned3 $2 (43... g5 $11 {and Black stays safe.}) 44. Bxd3 $18 cxd3 45. Rg4 {[%emt 0:05:38] [#]} (45. fxg6 $18 {was the only
winning move.} Rxe4 46. Qf3 Qxf3 47. Rxf3) 45... Rxe4 $1 46.
Rxe4 Nxe4 {[%emt 0:00:01] Really sharp!} 47. Qxd3 (47. Qxe4 Rh4 48. Qxd3 (48. Rg4 $2 d2 $19) 48... Rxd4 49. Qe3) 47... Qe5+
$19 48. Kg1 Ng5 49. Rg3 {
[%emt 0:00:38] [#]} Nxh3+ $1 50. Rxh3 Rxh3 {
[%emt 0:00:01] Endgame KQR-KQN} 51. Qe3 Rg3+ 52. Qxg3 Qxd4+ {[%emt 0:07:35] KQ-KQ} (52... Qxg3+ $142 53. Kf1 Qf4+ 54.
Kg2 Qg4+ 55. Kf2 Qxd4+ 56. Kg2 gxf5 57. Kf3 f4 58. b3 Qe3+ 59. Kg4 Qg3+ 60. Kf5
f3 61. b4 f2 62. Ke4 f1=Q 63. Kd4 Qff4#) 53. Kf1 {Black is clearly winning.}
Qd1+ 54. Kf2 Qd2+ 55. Kf1 Qc1+ 56. Ke2 Qxb2+ 57. Kd1 Qb1+ 58. Kd2 Qxa2+ 59. Kc1 Qc4+ 60. Kb2 Qxd5 61. fxg6 fxg6 {[%emt 0:
00:00] Weighted Error Value: White=1.05/Black=0.56} 0-1

[Event "44th Chess Olympiad Women 2022"]
[Site "Chennai"]
[Date "2022.08.06"]
[Round "8.2"]
[White "Mkrtchyan, Mariam"]
[Black "Melia, Salome"]
[Result "1/2-1/2"]
[WhiteElo "2285"]
[BlackElo "2384"]
[Annotator "TA"]
[PlyCount "117"]
[EventDate "2022.??.??"]
[TimeControl "60"]

1. d4 d5 2. c4 e6 3. Nf3 Nf6 4. g3 h6 5. Bg2 Bd6 6. O-O {[%emt 0:01:07] E01: Catalan: Early
deviations.} O-O 7. Nbd2 c5 8. cxd5 exd5 9. dxc5 Bxc5 10. Nb3 Bb6 11. Nbd4 Re8 12. b3 Nc6 13. Bb2 {[%emt 0:00:09] [#]} Ne4 $146 ({Predecessor:} 13... Qe7 14. e3 Ne4 15. Rc1 Bd7 16. Nxc6 Bxc6 17. Nd4 Bd7
18. Qh5 Nf6 19. Qf3 Qe5 20. h3 Ne4 21. Rc2 Rac8 22. Rfc1 Rxc2 23. Rxc2 Rc8 24.
Qe2 {0-1 (24) Pavlov,M (2385)-Makridis,D (2152) Paracin 2022}) 14. Rc1 Qd6 15. Nb5 Qg6 16. Nbd4 Bg4 17. Nxc6 bxc6 18. Ne5 {[%emt 0:13:29] [#]} (18. Qc2 $11) 18... Rxe5 $1
$15 19. Bxe5 Qh5 $1 20. Bf3 {[%emt 0:01:00] aiming for Bd4.} Bxf3 (20...
Qxe5 $15 21. Bxg4 {[#]} Nxg3 $1 22. Rxc6 Nxf1 23. Qxf1 Rd8) 21. exf3 $11 {
[%emt 0:00:05] Hoping for Bd4. Chess con chili. The position is equal.} Nxf2 $1 22. Rxf2 Qxe5 23. Rxc6 Bxf2+ 24. Kxf2 $15 {[%emt 0:00:04] Endgame
KQR-KQR} Re8 25. Rc2 Qe3+ 26. Kg2 d4 27. Rd2 {[%emt 0:00:00] Inhibits
d3.} Rd8 28. Qe2 {[%emt 0:03:20] Qxe3 is the strong threat.}
Qg5 29. Rd3 Qb5 30. Qd2 Qe5 31. Kf2 f5 32. Qe1 Qd5 33. Qd2 Kh8 34. Qc1 Qd6 35. Qf4 Qc5 36. Qd2 Rd5 37. Qb2 Qd6 38. Qd2 Qd7 39. Kg2 Qd6 40. b4 Qd7 41. Qd1 Qd6 42.
a3 Qb6 43. Qd2 Qa6 44. Rxd4 Rxd4 45. Qxd4 Qxa3 $11 {[%emt 0:00:06] KQ-KQ} 46. Qc5 Qa2+ 47. Kg1 Qb1+ 48. Kf2 Qa2+ 49. Ke3 Qxh2 50. Qf8+ Kh7 51. Qxf5+ Kh8 52. Qf8+ Kh7 53. g4 Qe5+ 54. Kd3 Qd5+ 55. Kc3 a5 56. bxa5 Qxa5+ 57. Kd3 Qd5+ 58. Ke3 Qe5+ 59. Kf2 {[%emt 0:00:00] Weighted Error Value: White=0.04
(flawless) /Black=0.02 (flawless)} 1/2-1/2